 Dungeon Crawl Stone Soup version 0.23.2-30-g0e89c35649 (webtiles) character file.

Game seed: 7843456946891985279

80 Matador8 the Sneak (level 4, 0/30 HPs)
             Began as a Vampire Enchanter on June 19, 2019.
             Slain by an adder (2 damage)
             ... on level 2 of the Dungeon.
             The game lasted 00:10:14 (2385 turns).

Matador8 the Sneak (Vampire Enchanter)              Turns: 2385, Time: 00:10:14

Health: 0/30       AC:  0    Str:  7    XL:     4   Next: 18%
Magic:  2/7        EV: 20    Int: 18    God:
Gold:   35         SH:  0    Dex: 19    Spells: 3/7 levels left

rFire    . . .     SeeInvis +   (weapon currently unavailable)
rCold    + . .     Gourm    .   (shield currently unavailable)
rNeg     + + .     Faith    .   (armour currently unavailable)
rPois    +         Spirit   .   (helmet currently unavailable)
rElec    .         Reflect  .   (cloak currently unavailable)
rCorr    .         Harm     .   (gloves currently unavailable)
MR       .....                  (boots currently unavailable)
Stlth    +++++.....             (no amulet)
HPRegen  0.05/turn              (ring currently unavailable)
MPRegen  0.10/turn              (ring currently unavailable)

@: bat-form, flying, regenerating slowly, very quick
A: tiny, fangs 3, see invisible
a: End Transformation


You were on level 2 of the Dungeon.
You were thirsty.
You were in vampire-bat-form.
You visited 1 branch of the dungeon, and saw 2 of its levels.

You collected 35 gold pieces.

Inventory:

Hand Weapons
 a - a +1 dagger (melded)
Missiles
 h - 3 javelins (quivered)
Armour
 b - a +0 robe (melded)
 c - a +0 helmet (melded)
 g - a +0 scale mail
Potions
 d - 15 potions of blood
 e - a potion of lignification {unknown}
 f - 2 potions of curing {unknown}


   Skills:
 * Level 3.3 Short Blades
 - Level 2.1 Dodging
 + Level 5.4 Stealth
 - Level 2.0 Spellcasting
 + Level 5.2 Hexes


You had 3 spell levels left.
You knew the following spells:

 Your Spells              Type           Power        Failure   Level  Hunger
a - Corona                Hex            ###....      1%          1    #......
b - Confuse               Hex            ###.....     6%          3    ###....

Your spell library contained the following spells:

 Spells                   Type           Power        Failure   Level  Hunger
 Tukima's Dance           Hex            ###.....     6%          3    ###....
 Ensorcelled Hibernation  Hex/Ice        ##....       10%         2    ###....
 Dazzling Spray           Conj/Hex       ##....       19%         3    ###....


Dungeon Overview and Level Annotations

Branches:
Dungeon (2/15)

Altars:
Sif Muna

Annotations:
D:2 Jessica


Innate Abilities, Weirdness & Mutations

You heal slowly.
You have razor-sharp teeth.
You have supernaturally acute eyesight. (SInv)
((You can survive without breathing.))


Message History

The adder is almost dead.
The adder bites you but does no damage.
You barely miss the adder.
The adder is almost dead.
The adder bites you.
You hit the adder but do no damage.
The adder is almost dead.
The adder bites you.
* * * LOW HITPOINT WARNING * * *
The adder bites you.
* * * LOW HITPOINT WARNING * * *
The adder bites you.
* * * LOW HITPOINT WARNING * * *
You fail to use your ability.
The adder stops glowing.
The bat closely misses you. The adder misses you. The bat closely misses you.
You turn into a vampire bat.
Your +1 dagger melds into your body.
Your +0 helmet melds into your body.
Your +0 robe melds into your body.
The adder bites you.
You die...

... ...............### #
##.## #......# #.#...# #####
..... #......###.#...###....
......#.....................
......#......##.##?..# #....
.g_..........)......# #####
#.g....##.##..# #
#.#######.....# ##
#.gbSb..#..##.# #.
#.g####.#..##.#### #.
.....####.#........####.
....#..#.......#####.##...
#.#.#..#.##.##.......##.#. #
# .... #.##<##.........
..... ..##.#..##......
###########..%.....#...
#.#####..#...


You could see an adder, a hobgoblin, a goblin and a bat.

Vanquished Creatures
  4 adders
  2 dart slugs (D:2)
  A ball python (D:2)
  3 giant cockroaches (D:1)
  A goblin (D:2)
  3 hobgoblins
  6 jackals (D:1)
  A quokka (D:2)
  4 bats
  A frilled lizard (D:1)
  2 kobolds (D:2)
  16 rats
44 creatures vanquished.

Notes
Turn   | Place    | Note
-------+----------+-------------------------------------------
     0 | D:1      | Matador8 the Vampire Enchanter began the quest for the Orb.
     0 | D:1      | Reached XP level 1. HP: 13/13 MP: 3/3
   371 | D:1      | Reached XP level 2. HP: 18/19 MP: 1/5
  1264 | D:2      | Reached skill level 5 in Stealth
  1264 | D:2      | Reached XP level 3. HP: 24/24 MP: 6/6
  1330 | D:2      | Learned a level 3 spell: Confuse
  1352 | D:2      | Reached skill level 5 in Hexes
  1365 | D:2      | Noticed Jessica
  1566 | D:2      | Reached XP level 4. HP: 30/30 MP: 7/7
  2364 | D:2      | Found a deep blue altar of Sif Muna.
  2385 | D:2      | Slain by an adder

Skill      XL: |  1  2  3 |
---------------+----------+-----
Short Blades   | 2 3 |  3.3
Stealth        | 5 |  5.4
Hexes          | 5 |  5.2
Dodging        | |  2.1
Spellcasting   | |  2.0

Action                   |  1- 3 |  4- 6 || total
-------------------------+-------+-------++-------
Melee: Dagger            |   100 |    45 ||   145
       Bite              |     7 |     2 ||     9
 Cast: Corona            |    19 |    10 ||    29
       Confuse           |     2 |     5 ||     7
 Abil: Bat Form          |       |     2 ||     2
       End Transformatio |       |     1 ||     1
  Use: Potion            |       |     3 ||     3
 Stab: Sleeping          |    14 |       ||    14
       Confused          |     1 |       ||     1
Armor: Robe              |    25 |    17 ||    42
Dodge: Dodged            |    83 |    51 ||   134
